 Dungeon Crawl Stone Soup version 0.19-a0-1686-g35356ef (webtiles) character file.

15789 Ayre the Nimble (level 12, -18/112 HPs)
             Began as a Merfolk Transmuter on Sept 23, 2016.
             Was a Priest of Elyvilon.
             Demolished by a komodo dragon (31 damage)
             ... on level 1 of the Lair of Beasts on Sept 25, 2016.
             The game lasted 01:55:54 (14093 turns).

Ayre the Nimble (Merfolk Transmuter)               Turns: 14093, Time: 01:55:55

Health: -18/112    AC:  7    Str: 13    XL:     12   Next: 30%
Magic:  17/21      EV: 18    Int: 17    God:    Elyvilon [***...]
Gold:   618        SH:  0    Dex: 18    Spells: 5 memorised, 9 levels left

rFire  x . .     SeeInvis .       - Unarmed
rCold  + + +     Gourm    .     (armour currently unavailable)
rNeg   . . .     Faith    .     (shield currently unavailable)
rPois  +         Spirit   .     (helmet currently unavailable)
rElec  .         Dismiss  .     (cloak currently unavailable)
rCorr  .         Reflect  .     (gloves currently unavailable)
MR     ++...     Harm     .     (boots currently unavailable)
Stlth  ++........               (no amulet)
                                W - +3 ring of dexterity
                                D - ring of the Mage {Wiz MR++ Int+3}

@: ice-form
A: (change form in water), (swift swim), (stealthy swim)
a: End Transformation, Lesser Healing, Heal Other, Purification, Divine
Protection, Renounce Religion


You were on level 1 of the Lair of Beasts.
You worshipped Elyvilon.
Elyvilon was most pleased with you.
You were hungry.
You were a creature of crystalline ice.
You visited 3 branches of the dungeon, and saw 13 of its levels.

You collected 618 gold pieces.

Inventory:

Hand Weapons
 n - a +0 spear
 x - a +0 scimitar of flaming
 A - a +1 trident
 G - a +3 dagger of venom
Missiles
 a - 120 arrows
 g - 10 sling bullets
 o - 30 tomahawks (quivered)
Armour
 e - a +0 pair of boots (melded)
 k - a +0 pair of gloves (melded)
 m - the +1 leather armour "Aloulliu" {Stlth+}
   (You found it on level 5 of the Dungeon)

   It makes you more stealthy.
 M - a +2 robe of positive energy (melded)
Jewellery
 l - an uncursed ring of protection from cold
 D - the ring of the Mage (left front paw) {Wiz MR++ Int+3}
   (You found it on level 4 of the Dungeon)

   [ring of wizardry]

   It improves your spell success rate.
   It affects your intelligence (+3).
   It affects your resistance to hostile enchantments.
 J - a +4 ring of protection
 N - an uncursed ring of poison resistance
 R - an uncursed ring of flight
 W - a +3 ring of dexterity (right front paw)
Wands
 r - a wand of flame (19/48)
 v - a wand of lightning (2/15)
 E - a wand of polymorph (4/24)
 T - a wand of iceblast (3/15)
 Z - a wand of iceblast (3/15)
Scrolls
 h - 2 scrolls of remove curse
 p - a scroll of enchant weapon
 y - a scroll of fear
 B - 2 scrolls of fog
 C - 4 scrolls of amnesia
 S - a scroll of recharging
 V - a scroll of holy word
 X - 3 scrolls of random uselessness {unknown}
Potions
 b - 4 potions of heal wounds
 i - 2 potions of invisibility
 s - a potion of magic
 u - a potion of curing
 w - 2 potions of ambrosia {unknown}
 z - a potion of cure mutation
 I - 3 potions of brilliance {unknown}
 Q - a potion of beneficial mutation {unknown}
 U - 3 potions of lignification {unknown}
 Y - a potion of agility {unknown}
Books
 c - a book of Changes

   Spells                             Type                      Level
   a - Beastly Appendage              Transmutation                1
   b - Sticks to Snakes               Transmutation                2
   c - Spider Form                    Transmutation/Poison         3
   d - Ice Form                       Ice/Transmutation            4
   e - Blade Hands                    Transmutation                5
 q - a book of Debilitation

   Spells                             Type                      Level
   a - Corona                         Hexes                        1
   b - Slow                           Hexes                        2
   c - Gell's Gravitas                Hexes/Translocation          3
   d - Inner Flame                    Hexes/Fire                   3
   e - Cause Fear                     Hexes                        4
   f - Leda's Liquefaction            Hexes/Earth                  4
Miscellaneous
 L - a sack of spiders
Comestibles
 d - 9 bread rations
 j - 3 beef jerkies
 H - 3 meat rations


   Skills:
 * Level 8.6 Fighting
 - Level 1.0 Short Blades
 - Level 5.6 Polearms
 * Level 11.7 Dodging
 - Level 2.0 Stealth
 * Level 9.2 Unarmed Combat
 + Level 6.5 Spellcasting
 + Level 11.1 Transmutations
 + Level 2.3 Ice Magic
 - Level 2.5 Poison Magic
 + Level 5.9 Invocations
 - Level 3.0 Evocations


You had 9 spell levels left.
You knew the following spells:

 Your Spells              Type           Power        Failure   Level  Hunger
a - Beastly Appendage     Tmut           #####.       1%          1    None
b - Sticks to Snakes      Tmut           #####...     1%          2    None
c - Spider Form           Tmut/Pois      ####......   1%          3    ##.....
d - Blade Hands           Tmut           #####.....   1%          5    #####..
e - Ice Form              Ice/Tmut       ####....     4%          4    ####...


Dungeon Overview and Level Annotations

Branches:
Dungeon (11/15)            Temple (1/1) D:5            Lair (1/6) D:8
    Orc (0/2) D:10

Altars:
Ashenzari
Cheibriados
Dithmenos
Elyvilon
Fedhas
Gozag
Hepliaklqana
Kikubaaqudgha
Makhleb
Nemelex Xobeh
Okawaru
Qazlal
Ru
Sif Muna
Trog
Uskayaw
Vehumet
Xom
Yredelemnul
Zin
The Shining One


Message History

The six-headed hydra misses you.
The six-headed hydra closely misses you.
You are healed.
You are feeling hungry.
You can no longer provide greater healing for yourself.
The six-headed hydra barely misses you. The six-headed hydra bites you.
* * * LOW HITPOINT WARNING * * *
The six-headed hydra bites you.
* * * LOW HITPOINT WARNING * * *
The six-headed hydra closely misses you.
The six-headed hydra completely misses you.
The six-headed hydra bites you but does no damage.
You punch the six-headed hydra!
The six-headed hydra seems to slow down.
You freeze the six-headed hydra.
You kill the six-headed hydra!
You punch the komodo dragon! You freeze the komodo dragon.
The komodo dragon is heavily wounded.
The komodo dragon bites you!!
You die...

..# .. #.# # #.. #.
#..###
.#.##....########.#
....P.....lY.......
#........########.
#.....<..#
#........#
.............
.#..#.....####
#..P..#..# #
........ ........##


You could see a komodo dragon.

Vanquished Creatures
  Snorg (D:10)
  A hydra (Lair:1)
  A centaur warrior (D:10)
  3 unseen horrors
  Pikel (D:8)
  A hill giant (D:10)
  2 deep elf magi
  A manticore (D:10)
  Joseph (D:9)
  An efreet (D:10)
  A troll (D:10)
  A two-headed ogre (D:10)
  4 hippogriffs
  A vampire (D:9)
  A spriggan (D:7)
  Sigmund (D:2)
  A wraith (D:10)
  5 yaks
  3 basilisks
  A hungry ghost (D:8)
  Menkaure (D:7)
  Edmund (D:5)
  A mottled dragon (D:9)
  A soldier ant (D:10)
  Duvessa (D:4)
  3 orc warriors
  3 porcupines (D:8)
  2 black bears (D:9)
  4 ice beasts
  3 sky beasts
  9 ogres
  2 phantoms
  3 centaurs
  A crocodile (D:8)
  10 bullfrogs
  Dowan (D:4)
  A water moccasin skeleton (D:10)
  2 scorpions
  9 killer bees
  7 wights
  A howler monkey (D:7)
  3 crimson imps
  A centaur zombie (D:8)
  6 orc priests
  2 hounds
  3 jellies
  2 centaur skeletons
  13 iguanas
  2 bullfrog skeletons
  12 orc wizards
  5 worker ants
  A killer bee zombie (D:10)
  A hound zombie (D:7)
  2 hound skeletons
  3 worker ant zombies
  A howler monkey zombie (D:7)
  4 gnolls (D:7)
  8 adders
  3 river rats (D:8)
  4 shadow imps
  3 oozes
  An adder zombie (D:6)
  An adder skeleton (D:4)
  2 worms
  2 dart slugs
  5 leopard geckos
  28 orcs
  2 ball pythons
  5 bats
  5 giant cockroaches
  8 goblins
  10 hobgoblins
  13 jackals
  4 quokkas
  3 frilled lizards
  7 kobolds
  A leopard gecko skeleton (D:4)
  A quokka zombie (D:6)
  10 rats
285 creatures vanquished.

Vanquished Creatures (collateral kills)
  The ghost of ZlagarX the Poker, an amateur DsMo (D:3)
  A quasit (D:6)
  Jessica (D:2)
  A worker ant (D:6)
  An orc (D:8)
5 creatures vanquished.

Vanquished Creatures (others)
  4 slaves (D:8)
  A jelly (D:10)
  A bullfrog skeleton (D:10)
  2 river rats (D:8)
  4 plants (D:8)
12 creatures vanquished.

Grand Total: 302 creatures vanquished

Notes
Turn   | Place    | Note
-------+----------+-------------------------------------------
     0 | D:1      | Ayre the Merfolk Transmuter began the quest for the Orb.
     0 | D:1      | Reached XP level 1. HP: 15/15 MP: 3/3
   313 | D:1      | Reached XP level 2. HP: 21/21 MP: 3/5
   392 | D:1      | Learned a level 2 spell: Sticks to Snakes
   849 | D:1      | Reached XP level 3. HP: 26/26 MP: 4/6
   854 | D:1      | Learned a level 3 spell: Spider Form
  1519 | D:2      | Noticed Sigmund
  1629 | D:2      | Reached skill level 1 in Polearms
  1928 | D:2      | Reached XP level 4. HP: 31/33 MP: 5/7
  2092 | D:2      | Noticed Jessica
  2108 | D:2      | Killed Jessica
  2285 | D:3      | Found a glowing silver altar of Zin.
  2349 | D:3      | Noticed ZlagarX's ghost (amateur DsMo)
  2565 | D:3      | Reached XP level 5. HP: 33/39 MP: 8/8
  2846 | D:3      | Found a hazy altar of Hepliaklqana.
  4086 | D:4      | Noticed Dowan
  4089 | D:4      | Noticed Duvessa
  4105 | D:4      | Killed Duvessa
  4105 | D:4      | Reached skill level 1 in Poison Magic
  4105 | D:4      | Reached XP level 6. HP: 24/47 MP: 5/9
  4109 | D:4      | Killed Dowan
  4415 | D:4      | Reached XP level 7. HP: 28/53 MP: 7/11
  4755 | D:4      | Reached skill level 5 in Unarmed Combat
  4762 | D:4      | Learned a level 5 spell: Blade Hands
  4838 | D:4      | Found a blossoming altar of Fedhas.
  5189 | D:2      | Killed Sigmund
  5189 | D:2      | Reached skill level 5 in Transmutations
  5390 | D:3      | Killed ZlagarX's ghost
  5390 | D:3      | Reached skill level 5 in Dodging
  5390 | D:3      | Reached XP level 8. HP: 61/61 MP: 1/12
  5660 | D:5      | Entered Level 5 of the Dungeon
  5837 | D:5      | Found a staircase to the Ecumenical Temple.
  5852 | Temple   | Entered the Ecumenical Temple
  6007 | Temple   | Became a worshipper of Elyvilon the Healer
  6088 | D:5      | Got a bronze leather armour
  6099 | D:5      | Identified the cursed +1 leather armour "Aloulliu" {Stlth+} (You found it on level 5 of the Dungeon)
  6281 | D:5      | Reached skill level 5 in Fighting
  6317 | D:5      | Found a white marble altar of Elyvilon.
  6317 | D:5      | Noticed Edmund
  6397 | D:5      | Killed Edmund
  6495 | D:5      | Reached * piety under Elyvilon
  6724 | D:5      | Reached skill level 1 in Short Blades
  6727 | D:5      | Found a basalt altar of Yredelemnul.
  6845 | D:6      | Reached XP level 9. HP: 62/68 MP: 12/14
  7047 | D:6      | Reached skill level 1 in Invocations
  7361 | D:6      | Learned a level 4 spell: Ice Form
  7444 | D:6      | Noticed a deep elf mage
  7454 | D:6      | Killed a deep elf mage
  7454 | D:6      | Reached skill level 1 in Stealth
  7454 | D:6      | Reached skill level 1 in Ice Magic
  7720 | D:6      | Found a sparkling altar of Nemelex Xobeh.
  7729 | D:6      | Found a shattered altar of Ashenzari.
  7817 | D:6      | Reached ** piety under Elyvilon
  7974 | D:6      | Found a shimmering altar of Xom.
  8362 | D:7      | Noticed Menkaure
  8367 | D:7      | Killed Menkaure
  8484 | D:7      | Reached XP level 10. HP: 38/77 MP: 10/16
  9197 | D:8      | Reached skill level 1 in Evocations
  9203 | D:8      | Noticed Pikel
  9221 | D:8      | Killed Pikel
  9395 | D:8      | Found a staircase to the Lair.
  9763 | D:8      | Reached skill level 5 in Spellcasting
 10021 | D:8      | Found a blossoming altar of Fedhas.
 10283 | D:8      | Reached skill level 10 in Transmutations
 10456 | D:8      | Reached XP level 11. HP: 82/84 MP: 14/19
 10678 | D:9      | Reached *** piety under Elyvilon
 10702 | D:9      | Noticed Joseph
 10716 | D:9      | Killed Joseph
 10716 | D:9      | Reached skill level 10 in Dodging
 10837 | D:9      | Found an iron altar of Okawaru.
 11395 | D:9      | Upgraded the game from 0.19-a0-1676-g39ae8cc to 0.19-a0-1686-g35356ef
 11516 | D:9      | Killed an unseen horror
 11523 | D:10     | Entered Level 10 of the Dungeon
 11526 | D:10     | Reached skill level 5 in Polearms
 11527 | D:10     | Noticed a hill giant
 11547 | D:10     | Elyvilon protects you from harm!
 11940 | D:10     | Noticed Snorg
 11957 | D:10     | Killed Snorg
 12306 | D:10     | Killed an unseen horror
 12654 | D:10     | Killed a hill giant
 12795 | D:10     | Found a staircase to the Orcish Mines.
 12830 | D:10     | Reached skill level 5 in Invocations
 13079 | D:10     | Noticed a centaur warrior
 13094 | D:10     | Killed a centaur warrior
 13112 | D:10     | Noticed a deep elf mage
 13112 | D:10     | Noticed a manticore
 13368 | D:10     | Killed a manticore
 13372 | D:10     | Reached XP level 12. HP: 62/92 MP: 16/21
 13690 | D:10     | Reached **** piety under Elyvilon
 14070 | Lair:1   | Entered Level 1 of the Lair of Beasts
 14070 | Lair:1   | Noticed a six-headed hydra
 14090 | Lair:1   | HP: 2/112 [six-headed hydra (5)]
 14092 | Lair:1   | Killed a six-headed hydra
 14093 | Lair:1   | Demolished by a komodo dragon

Vault maps used:
D:1:      onia_arrival_mini_maze_b, roderic_serpentine_path,
          nrook_mini_backslash, minivault_11, minmay_bisected
D:2:      first_bread, uniq_jessica, uniq_sigmund
D:3:      overflow_temple_1_default, old_standard_altar, serial_glass,
          glass_columns_c, glass_columns_b, mrwooster_statue_mirror,
          minmay_misc_feat_more_columns, minivault_23
D:4:      fedhas_altar_2, uniq_duvessa
D:5:      yredelemnul_altar_generic, basic_altar, uniq_edmund
D:6:      grunt_temple_overflow_open, basic_altar, guppyfry_early_elven_hall
D:7:      the_bakery, uniq_menkaure
D:8:      minmay_lair_entry_grove, basic_altar, uniq_pikel
D:9:      basic_altar, uniq_joseph
D:10:     orc_0_dummy, minivault_28, uniq_snorg
D:11:     basic_altar
Temple:   regret_index_temple_sphere_string
Lair:1:   minmay_holes, st_stairs_10

Skill      XL: |  1  2  3  4  5  6  7  8  9 10 11 12 |
---------------+-------------------------------------+-----
Dodging        | 3 4 5 6 8 9 11 | 11.7
Transmutations | 3 4 5 6 8 10 11 | 11.1
Polearms       | 1 2 3 4 5 |  5.6
Fighting       | 2 3 4 5 6 7 8 |  8.6
Unarmed Combat | 4 5 6 7 8 9 |  9.2
Poison Magic   | 1 2 |  2.5
Spellcasting   | 3 4 5 6 |  6.5
Short Blades   | 1 |  1.0
Invocations    | 2 3 5 |  5.9
Stealth        | 1 2 |  2.0
Ice Magic      | 2 |  2.3
Evocations     | 2 3 |  3.0

Action                   |  1- 3 |  4- 6 |  7- 9 | 10-12 || total
-------------------------+-------+-------+-------+-------++-------
Melee: Unarmed           |    44 |    30 |   230 |   422 ||   726
       Headbutt          |    18 |    16 |    15 |    14 ||    63
       Spear             |   106 |   116 |   114 |     5 ||   341
       Punch             |     1 |     3 |     4 |     8 ||    16
       Dagger            |       |       |    11 |     6 ||    17
 Fire: Hunting sling     |    20 |    21 |    72 |     7 ||   120
Throw: Stone             |    12 |       |       |       ||    12
       Tomahawk          |     9 |     8 |     8 |     6 ||    31
 Cast: Beastly Appendage |    18 |    12 |    19 |    10 ||    59
       Sticks to Snakes  |       |     8 |     8 |     6 ||    22
       Spider Form       |       |     3 |    13 |    15 ||    31
       Blade Hands       |       |       |    15 |    24 ||    39
       Ice Form          |       |       |       |     2 ||     2
Invok: Lesser Healing    |       |       |       |     2 ||     2
       Greater Healing   |       |       |       |     1 ||     1
 Abil: End Transformatio |       |       |       |     1 ||     1
Evoke: Wand              |       |       |       |     9 ||     9
  Use: Potion            |       |     2 |       |     6 ||     8
       Scroll            |       |       |     6 |    17 ||    23
 Stab: Sleeping          |     1 |     1 |     3 |     2 ||     7
       Distracted        |       |       |     2 |       ||     2
       Invisible         |       |       |       |     2 ||     2
  Eat: Chunk             |     4 |     5 |    20 |    17 ||    46
       Bread ration      |       |     1 |       |     2 ||     3
       Pizza             |       |       |       |     1 ||     1
       Beef jerky        |       |       |       |     1 ||     1
Armor: Robe              |    31 |    16 |    43 |    52 ||   142
       Leather armour    |       |       |    16 |       ||    16
       Skin              |       |       |     3 |    15 ||    18
Dodge: Dodged            |    89 |    75 |   257 |   433 ||   854
